Map: 大气2000-天梯版

Players

iGXY (XY)

  • Race: Terran Terran

llllllllllll (Coffee) - Winner!

  • Race: Terran Terran
  • League: Master

Event: DreamHack SC2 Masters 2021 Winter

VOD

Have the link to the VOD?

Description

Time

  • Played on: Oct. 9, 2021, 8:24 a.m.
  • Length: 8:42

All games in this series

Show
View Real Time Build Order
Export as new Build Order

iGXY Terran 

Build Orders: Cyclone Opening 

Get SALT Encoding   

  12  0:00  SCV  
  13  0:12  SCV  
  14  0:16  Supply Depot  
  14  0:24  SCV  
  15  0:31  Refinery  
  15  0:38  SCV  
  16  0:43  Barracks  
  16  0:50  SCV  
  17  0:57  Refinery  
  17  1:02  SCV  
  18  1:14  SCV  
  19  1:29  Reaper, Orbital Command  
  20  1:37  Factory  
  20  1:44  Supply Depot  
  20  1:56  SCV  
  21  2:01  Reaper  
  21  2:08  SCV  
  23  2:20  SCV, Factory Tech Lab  
  24  2:27  Command Center  
  24  2:32  SCV  
  24  2:34  Barracks Reactor  
  25  2:38  Cyclone  
  28  2:44  SCV  
  28  2:46  Supply Depot  
  29  2:56  SCV  
  29  2:57  Starport  
  29  3:08  SCV  
  29  3:11  Cyclone  
  33  3:20  SCV, Refinery  
  33  3:27  Marine x2  
  34  3:32  SCV  
  37  3:34  Starport Tech Lab  
  36  3:44  Marine  
  36  3:45  Marine  
  36  3:46  Orbital Command  
  38  3:50  SCV  
  39  3:59  Raven  
  39  4:02  SCV  
  38  4:11  Marine x2  
  38  4:12  Cyclone  
  36  4:29  Marine x2  
  34  4:31  SCV x2  
  34  4:42  Banshee  
  34  4:44  SCV  
  38  4:46  Marine  
  38  4:47  Marine  
  40  4:53  Siege Tank  
  40  4:54  SCV  
  40  4:56  SCV  
  45  5:06  SCV  
  46  5:08  SCV  
  46  5:09  Supply Depot  
  47  5:18  SCV  
  47  5:21  SCV, Marine x2  
  49  5:25  Raven  
  53  5:30  SCV  
  53  5:31  Siege Tank  
  53  5:33  Supply Depot, SCV  
  58  5:41  Marine x2  
  58  5:42  SCV  
  61  5:45  SCV  
  62  5:51  Command Center  
  62  5:54  SCV  
  63  5:57  SCV  
  63  6:03  Siege Tank  
  67  6:06  SCV  
  67  6:09  SCV  
  69  6:12  Marine  
  69  6:16  Raven, Marine  
  68  6:22  Supply Depot x3  
  62  6:43  SCV, Siege Tank, Marine x2  
  62  6:54  SCV  
  62  6:58  Engineering Bay  
  62  6:59  Engineering Bay, Barracks x2  
  63  7:03  SCV  
  63  7:06  SCV  
  65  7:13  Orbital Command  
  65  7:15  SCV, Siege Tank  
  66  7:16  Refinery, Viking  
  66  7:19  SCV  
  72  7:23  Viking  
  72  7:27  SCV  
  75  7:31  SCV, Marine  
  77  7:39  SCV  
  77  7:43  SCV  
  79  7:44  Orbital Command  
  79  7:47  Barracks Reactor  
  79  7:49  Marine  
  79  7:50  Barracks  
  80  7:51  SCV, Viking  
  80  7:56  Viking  
  83  7:59  SCV  
  83  8:02  Marine  
  83  8:04  SCV  
  82  8:14  Marine  
  82  8:15  SCV  
  82  8:16  SCV  
  82  8:19  Marine  
  70  8:27  SCV  
  70  8:28  SCV  
Show
View Real Time Build Order
Export as new Build Order

llllllllllll Terran - Winner!

Build Orders:  

Get SALT Encoding   

  12  0:00  SCV  
  13  0:12  SCV  
  14  0:16  Supply Depot  
  14  0:24  SCV  
  15  0:38  SCV, Barracks  
  15  0:42  Refinery  
  16  0:50  SCV  
  16  0:52  Refinery  
  17  1:02  SCV  
  18  1:14  SCV  
  20  1:25  Reaper  
  20  1:26  Orbital Command  
  20  1:28  Supply Depot  
  20  1:41  Factory  
  20  1:52  SCV  
  21  1:58  Barracks Reactor  
  21  2:04  SCV  
  22  2:16  SCV  
  23  2:24  Command Center  
  23  2:28  Hellion  
  25  2:31  SCV  
  25  2:36  Reaper x2  
  28  2:42  Supply Depot  
  29  2:49  Hellion  
  30  2:54  Starport  
  30  2:57  SCV  
  31  3:08  Reaper x2  
  31  3:09  SCV  
  31  3:12  Hellion  
  36  3:21  SCV  
  37  3:29  Refinery  
  37  3:31  Starport Tech Lab  
  37  3:41  Factory Tech Lab, Marine x2  
  39  3:50  SCV  
  39  3:53  Orbital Command  
  39  3:54  Raven  
  36  4:10  Marine x2  
  36  4:11  Siege Tank  
  38  4:28  SCV x2, Marine x2  
  41  4:40  SCV, Raven  
  41  4:45  SCV  
  44  4:46  Marine x2  
  44  4:50  Supply Depot, Siege Tank  
  44  4:52  SCV  
  50  4:57  SCV  
  51  5:04  SCV, Marine  
  51  5:05  Marine  
  54  5:11  Command Center  
  54  5:12  SCV  
  54  5:13  Supply Depot  
  55  5:17  SCV  
  56  5:24  SCV  
  56  5:26  Siege Tank  
  60  5:30  SCV  
  60  5:34  Viking x2  
  65  5:36  SCV  
  65  5:37  Supply Depot  
  65  5:41  Stimpack  
  66  5:44  SCV  
  66  5:45  Refinery  
  66  5:48  SCV  
  66  5:49  Supply Depot  
  68  5:52  Marine  
  68  5:58  Siege Tank  
  68  6:00  SCV x2  
  73  6:04  Barracks  
  73  6:05  Barracks  
  73  6:21  SCV  
  71  6:26  Viking x2  
  73  6:34  SCV x2  
  73  6:35  Siege Tank  
  69  6:48  SCV x2  
  69  6:53  Orbital Command  
  68  6:56  Marine  
  68  7:00  SCV  
  70  7:08  Viking x2  
  72  7:10  SCV, Orbital Command  
  75  7:19  SCV  
  76  7:22  Combat Shield  
  76  7:23  Marine  
  76  7:25  SCV  
  78  7:31  SCV  
  78  7:36  Marine  
  78  7:37  Marine  
  80  7:41  Siege Tank, Marine  
  80  7:42  SCV x2  
  87  7:52  SCV  
  87  7:54  SCV, Engineering Bay, Marine  
  87  7:55  Engineering Bay  
  89  7:59  Marine  
  89  8:03  Viking x2  
  89  8:04  SCV x2  
  90  8:19  Marine x3  
  83  8:24  SCV  

Tags
 
Add a new tag
Caveats
  • Supply blocks, unpowered buildings, or Contaminate may cause inaccurate times.
  • Supply counts are checked every 10 seconds.